 Dungeon Crawl Stone Soup version 0.23.1 (webtiles) character file.

Game seed: 0

41571 Weazle the Thaumaturge (level 13, -10/74 HPs)
             Began as a Deep Elf Fire Elementalist on Mar 3, 2019.
             Was the Champion of Cheibriados.
             Killed from afar by an ogre mage (16 damage)
             ... with a bolt of poison
             ... on level 15 of the Dungeon.
             The game lasted 01:29:24 (20015 turns).

Weazle the Thaumaturge (DEFE)                      Turns: 20015, Time: 01:29:25

Health: -10/74     AC: 19    Str: 24    XL:     13   Next: 80%
Magic:  2/33       EV: 13    Int: 37    God:    Cheibriados [******]
Gold:   1102       SH:  2    Dex: 30    Spells: 2/40 levels left

rFire    + . .     SeeInvis +   q - +4 dagger (elec)
rCold    x . .     Gourm    .   (no shield)
rNeg     . . .     Faith    .   S - +3 ring mail
rPois    .         Spirit   .   P - +2 helmet
rElec    .         Reflect  +   G - +2 cloak
rCorr    .         Harm     .   z - +2 pair of gloves
MR       +....                  (no boots)
Stlth    ++........             C - +2 amulet of reflection
HPRegen  0.22/turn              a - ring of see invisible
MPRegen  0.23/turn              n - ring of fire

@: lethally poisoned (-10 -> -36), very slightly contaminated, slowed,
invisible, very slow
A: no striking features
a: Bend Time, Temporal Distortion, Slouch, Step From Time, Renounce Religion


You were on level 15 of the Dungeon.
You worshipped Cheibriados.
Cheibriados was exalted by your worship.
You were hungry.

You visited 2 branches of the dungeon, and saw 16 of its levels.
You also visited: Sewer.

You collected 1378 gold pieces.
You spent 276 gold pieces at shops.

Inventory:

Hand Weapons
 b - a +0 scimitar of electrocution
 q - a +4 dagger of electrocution (weapon)
 V - a +0 blowgun
 Y - a +2 dagger of venom
Missiles
 g - 4 needles of confusion
 w - 4 throwing nets (quivered)
 A - 98 poisoned needles
 Z - 6 curare-tipped needles
Armour
 s - a +0 shield
 z - a +2 pair of gloves (worn)
 G - a +2 cloak (worn)
 P - a +2 helmet (worn)
 S - a +3 ring mail (worn)
Jewellery
 a - a ring of see invisible (left hand)
 i - an uncursed ring of poison resistance {unknown}
 m - a +1 ring of slaying
 n - a ring of fire (right hand)
 y - an uncursed ring of ice
 C - a +2 amulet of reflection (around neck)
 J - an uncursed ring of fire
 R - the ring of Doubts {MR+ Int+5}
   (You found it on level 14 of the Dungeon)

   [ring of intelligence]

   It affects your intelligence (+5).
   It affects your resistance to hostile enchantments.
Wands
 l - a wand of enslavement (32)
 o - a wand of clouds (5)
 B - a wand of digging (5)
 K - a wand of iceblast (19)
 N - a wand of disintegration (19)
 Q - a wand of paralysis (8)
 T - a wand of flame (18)
Scrolls
 f - a scroll of blinking {unknown}
 k - 8 scrolls of remove curse
 t - 3 scrolls of magic mapping
 u - 3 scrolls of identify
 D - a scroll of vulnerability {unknown}
 E - 3 scrolls of fog
 F - 2 scrolls of amnesia
 L - 2 scrolls of fear
 O - a scroll of acquirement {unknown}
 W - a scroll of immolation {unknown}
 X - a scroll of holy word {unknown}
Potions
 e - 8 potions of curing
 h - 4 potions of flight
 j - 2 potions of heal wounds
 p - 2 potions of invisibility
 r - 2 potions of ambrosia
 v - 2 potions of lignification
 x - 4 potions of brilliance
 H - a potion of cancellation
 I - 2 potions of haste
 M - 2 potions of agility
Comestibles
 c - 23 rations
 d - 8 chunks of flesh


   Skills:
 * Level 5.8 Fighting
 - Level 7.5 Armour
 - Level 2.4 Dodging
 - Level 2.4 Stealth
 - Level 3.0 Shields
 + Level 14.2 Spellcasting
 + Level 12.4 Conjurations
 - Level 4.3 Charms
 * Level 3.5 Summonings
 - Level 1.4 Translocations
 - Level 11.1 Fire Magic
 - Level 5.5 Air Magic
 * Level 7.2 Invocations


You had 2 spell levels left.
You knew the following spells:

 Your Spells              Type           Power        Failure   Level  Hunger
a - Flame Tongue          Conj/Fire      #####        0%          1    None
b - Conjure Flame         Conj/Fire      ########     1%          3    None
c - Airstrike             Air            ######....   2%          4    None
d - Sticky Flame          Conj/Fire      ########     1%          4    None
e - Fireball              Conj/Fire      ########..   1%          5    None
f - Blink                 Tloc           N/A          1%          2    None
g - Iskenderun's Battles  Conj/Chrm      ######..     1%          5    None
h - Spellforged Servitor  Conj/Summ      ######....   54%         7    ####...
i - Orb of Destruction    Conj           #######...   11%         7    ####...

Your spell library contained the following spells:

 Spells                   Type           Power        Failure   Level  Hunger
 Magic Dart               Conj           ####         0%          1    None
 Confusing Touch          Hex            ####..       1%          1    None
 Shock                    Conj/Air       ####         1%          1    None
 Call Imp                 Summ           ######..     1%          2    None
 Swiftness                Chrm/Air       ######..     1%          2    None
 Throw Flame              Conj/Fire      ######       1%          2    None
 Slow                     Hex            ####....     3%          2    None
 Inner Flame              Hex/Fire       #######.     1%          3    None
 Mephitic Cloud           Conj/Pois/Air  ######..     1%          3    None
 Static Discharge         Conj/Air       #######.     1%          3    None
 Lightning Bolt           Conj/Air       #######...   1%          5    None
 Bolt of Magma            Conj/Fire/Erth #######...   2%          5    None
 Gell's Gravitas          Tloc           #####.....   3%          3    None
 Venom Bolt               Conj/Pois      ######....   4%          5    None
 Confuse                  Hex            ####....     6%          3    None
 Petrify                  Tmut/Erth      ####....     21%         4    None
 Iron Shot                Conj/Erth      ######....   24%         6    ##.....
 Metabolic Englaciation   Hex/Ice        ####......   50%         5    None
 Yara's Violent Unravell  Hex/Tmut       ####......   50%         5    None


Dungeon Overview and Level Annotations

Branches:
Dungeon (15/15)            Temple (1/1) D:7            Lair (0/6) D:9
    Orc (0/2) D:10         Vaults (0/5) D:14
 Depths: D:15

Altars:
Ashenzari
Cheibriados
Dithmenos
Elyvilon
Fedhas
Gozag
Hepliaklqana
Kikubaaqudgha
Makhleb
Nemelex Xobeh
Okawaru
Qazlal
Ru
Sif Muna
Trog
Uskayaw
Vehumet
Wu Jian
Xom
Yredelemnul
Zin
The Shining One

Shops:
D:11 ?   D:12 ?

Annotations:
D:2 exclusion: downstairs
D:4 2 transporters, Lanoc's ghost, amateur OpEn
D:5 exclusion: downstairs
D:6 exclusion: downstairs
D:8 exclusion: 2 downstairs
D:11 3 runed translucent doors, grocchini's ghost, journeyman VSFi; kalagan's ghost, journeyman DEEE
D:12 exclusion: downstairs
D:14 3 runed translucent doors, Lanoc's ghost, journeyman MiGl


Message History

The two-headed ogre closely misses you.
Unknown command.
You hit the two-headed ogre.
The two-headed ogre is lightly wounded.
You feel sick. The two-headed ogre misses you.
The two-headed ogre hits you with a +0 giant club.
The ogre mage closely misses you.
Unknown command.
Your ring mail prevents you from hitting the ogre mage.
You feel sick. The ogre mage barely misses you.
The ogre mage hits you with a +0 spear.
You completely miss the ogre mage.
You feel sick.
The two-headed ogre hits you with a +0 giant club!
* * * LOW HITPOINT WARNING * * *
The two-headed ogre hits you with a +0 giant club.
* * * LOW HITPOINT WARNING * * *
The ogre mage casts a spell at you. The bolt of poison hits you!
You are more poisoned.
You die...

###### #..... .##
#..... ### #.. #.....
... ... ##.....#####
#.# #.# ........@O.#
#.# #.#
##.#.####O.###.####.##
#$...OO...รท..#.##...#
#....###..#.###.....#
......... #...##
##....#
.............## ##.###
.......)....#. ##.##
.......O....##. #<.#
............. #.#.#.#


You could see a two-headed ogre and an ogre mage (invisible).

Vanquished Creatures
  Harold (D:9)
  2 hydras
  2 vault guards (D:14)
  6 two-headed ogres
  A centaur warrior (D:14)
  A tengu warrior (D:14)
  Urug (D:13)
  Sonja (D:13)
  5 skeletal warriors
  5 unseen horrors
  3 necromancers (D:14)
  2 wizards
  3 deep elf magi
  4 ugly things
  4 cyclopes
  Joseph (D:7)
  Maurice (D:9)
  Psyche (D:8)
  4 kobold demonologists
  A redback zombie (D:14)
  4 gargoyles
  A freezing wraith (D:13)
  A komodo dragon (D:13)
  The ghost of Kairos the Chopper, a novice VSFi of Okawaru (D:5)
  5 trolls
  A hornet (D:13)
  A blink frog (shapeshifter) (D:13)
  3 hippogriffs
  A spriggan (D:8)
  A shadow (D:13)
  2 vampires (D:13)
  A spriggan (shapeshifter) (D:14)
  3 yaks
  19 humans (D:14)
  4 wyverns
  2 basilisks
  3 hungry ghosts
  A soldier ant (D:8)
  3 water moccasins
  4 orc warriors
  6 ice beasts
  2 black bears
  7 ogres
  4 phantoms
  7 sky beasts
  2 eyes of draining
  A necrophage (D:12)
  6 centaurs
  5 big kobolds
  9 bullfrogs
  2 wyvern zombies
  A scorpion (D:7)
  A water moccasin skeleton (D:8)
  3 killer bees (D:7)
  5 wights (D:14)
  3 howler monkeys (D:7)
  5 centaur zombies
  10 crimson imps
  2 quasits (D:7)
  A centaur skeleton (D:7)
  8 hounds
  8 jellies
  3 orc priests
  3 bullfrog skeletons
  6 iguanas
  9 orc wizards
  10 worker ants
  2 hound skeletons
  A worker ant zombie (D:9)
  A howler monkey zombie (D:5)
  15 gnolls
  11 adders
  5 shadow imps
  An ooze (D:3)
  4 worms
  4 dart slugs
  9 leopard geckos
  27 orcs
  4 ball pythons
  6 bats
  10 giant cockroaches
  2 gnoll zombies (D:9)
  5 goblins
  3 hobgoblins
  13 jackals
  10 quokkas
  10 frilled lizards
  A jackal zombie (D:5)
  16 kobolds
  3 leopard gecko skeletons
  A leopard gecko zombie (D:8)
  A quokka skeleton (D:8)
  A quokka zombie (D:5)
  6 rats
411 creatures vanquished.

Vanquished Creatures (others)
  4 fungi (D:7)
  4 toadstools (D:7)
8 creatures vanquished.

Grand Total: 419 creatures vanquished

Notes
Turn   | Place    | Note
-------+----------+-------------------------------------------
     0 | D:1      | Weazle the Deep Elf Fire Elementalist began the quest for
                  | the Orb.
     0 | D:1      | Reached XP level 1. HP: 10/10 MP: 6/6
   452 | D:1      | Reached XP level 2. HP: 15/15 MP: 6/8
  1253 | D:2      | Reached XP level 3. HP: 16/19 MP: 6/10
  1299 | D:2      | Found an ornate altar of the Wu Jian Council.
  1923 | D:2      | Learned a level 3 spell: Conjure Flame
  2171 | D:3      | Reached skill level 4 in Spellcasting
  2192 | D:3      | Found a glowing drain.
  2205 | Sewer    | Entered a sewer
  2219 | Sewer    | Reached XP level 4. HP: 16/24 MP: 10/12
  2782 | Sewer    | Noticed a bullfrog
  2784 | Sewer    | Killed a bullfrog
  2784 | Sewer    | Reached XP level 5. HP: 21/28 MP: 10/13
  2892 | Sewer    | Learned a level 2 spell: Swiftness
  2897 | Sewer    | Learned a level 4 spell: Sticky Flame
  3292 | D:3      | Reached skill level 5 in Spellcasting
  3566 | D:3      | Reached XP level 6. HP: 20/32 MP: 10/15
  3871 | D:3      | Reached skill level 5 in Fire Magic
  4232 | D:4      | Reached skill level 1 in Charms
  4236 | D:4      | Got a dull robe
  4247 | D:4      | Identified the +2 robe of Absence {Str+4 Dex+4 Stlth-} (You
                  | found it on level 4 of the Dungeon)
  4293 | D:4      | Reached skill level 1 in Air Magic
  4627 | D:4      | Reached skill level 1 in Armour
  5016 | D:4      | Found a transporter.
  5018 | D:4      | Noticed Lanoc's ghost (amateur OpEn)
  5026 | D:4      | Found a transporter.
  5136 | D:4      | Reached XP level 7. HP: 26/36 MP: 9/17
  5322 | D:5      | Entered Level 5 of the Dungeon
  5562 | D:5      | Reached skill level 5 in Conjurations
  5730 | D:5      | Reached skill level 6 in Spellcasting
  5895 | D:5      | Found a large runed translucent door.
  5896 | D:5      | Found a large runed translucent door.
  5896 | D:5      | Noticed Kairos's ghost (novice VSFi)
  6188 | D:5      | Killed Kairos's ghost
  6188 | D:5      | Reached skill level 1 in Shields
  6188 | D:5      | Reached XP level 8. HP: 41/41 MP: 5/19
  6869 | D:6      | Reached skill level 7 in Spellcasting
  7106 | D:6      | Reached XP level 9. HP: 45/45 MP: 2/22
  7567 | D:6      | Learned a level 5 spell: Fireball
  7570 | D:6      | Learned a level 2 spell: Blink
  8135 | D:7      | Reached skill level 8 in Spellcasting
  8218 | D:7      | Noticed Joseph
  8342 | D:7      | Found a staircase to the Ecumenical Temple.
  8354 | Temple   | Entered the Ecumenical Temple
  8426 | Temple   | Became a worshipper of Cheibriados the Contemplative
  8436 | Temple   | Learned a level 4 spell: Airstrike
  8484 | D:7      | Found a blossoming altar of Fedhas.
  8484 | D:7      | Found a sparkling altar of Nemelex Xobeh.
  8622 | D:7      | Found a shattered altar of Ashenzari.
  8624 | D:7      | Found a sacrificial altar of Ru.
  8626 | D:7      | Found a glowing silver altar of Zin.
  8774 | D:7      | HP: 2/46 [Joseph/+0 quarterstaff (13)]
  8788 | D:7      | Killed Joseph
  8788 | D:7      | Reached skill level 1 in Translocations
  9214 | D:7      | Reached skill level 9 in Spellcasting
  9224 | D:7      | Reached skill level 1 in Fighting
  9224 | D:7      | Reached XP level 10. HP: 52/52 MP: 2/25
  9772 | D:8      | Reached * piety under Cheibriados
  9901 | D:8      | Noticed a two-headed ogre
  9915 | D:8      | Killed a two-headed ogre
 10327 | D:8      | Noticed Psyche
 10334 | D:8      | Killed Psyche
 10870 | D:8      | Reached skill level 5 in Armour
 11041 | D:9      | Reached ** piety under Cheibriados
 11266 | D:9      | Noticed Harold
 11502 | D:9      | Found a staircase to the Lair.
 11535 | D:9      | Killed Harold
 11857 | D:9      | Noticed Maurice
 11951 | D:9      | Killed Maurice
 12030 | D:9      | Found an iron altar of Okawaru.
 12087 | D:9      | Reached XP level 11. HP: 56/56 MP: 20/26
 12181 | D:9      | Reached *** piety under Cheibriados
 12500 | D:9      | Found a basalt altar of Yredelemnul.
 12574 | D:9      | Found a radiant altar of Vehumet.
 12574 | D:9      | Found a hide-covered altar of Uskayaw.
 12614 | D:10     | Entered Level 10 of the Dungeon
 12756 | D:10     | Noticed an unseen horror
 12762 | D:10     | Killed an unseen horror
 12762 | D:10     | Reached skill level 10 in Conjurations
 12867 | D:10     | Found a staircase to the Orcish Mines.
 13135 | D:10     | Reached skill level 10 in Spellcasting
 13380 | D:11     | Reached skill level 1 in Invocations
 13396 | D:11     | Noticed an unseen horror
 13399 | D:11     | Killed an unseen horror
 13575 | D:11     | Found a runed translucent gate.
 13575 | D:11     | Found a runed translucent gate.
 13575 | D:11     | Found a runed translucent gate.
 13575 | D:11     | Noticed grocchini's ghost (journeyman VSFi)
 13576 | D:11     | Noticed kalagan's ghost (journeyman DEEE)
 13960 | D:11     | Found Abyuneabue's Magic Scroll Emporium.
 13968 | D:11     | Bought a scroll of teleportation for 36 gold pieces
 13968 | D:11     | Bought a scroll of identify for 24 gold pieces
 13968 | D:11     | Bought a scroll of enchant armour for 90 gold pieces
 13968 | D:11     | Bought a scroll of fear for 42 gold pieces
 13968 | D:11     | Bought a scroll of fog for 24 gold pieces
 14027 | D:11     | Reached **** piety under Cheibriados
 14258 | D:11     | Reached skill level 5 in Air Magic
 14673 | D:12     | Noticed an unseen horror
 14676 | D:12     | Killed an unseen horror
 14800 | D:12     | Found Mievumix's Magic Scroll Shoppe.
 14803 | D:12     | Bought a scroll of identify for 30 gold pieces
 14803 | D:12     | Bought a scroll of identify for 30 gold pieces
 14987 | D:12     | Noticed an eight-headed hydra
 14993 | D:12     | Killed an eight-headed hydra
 15106 | D:12     | Reached skill level 10 in Fire Magic
 15413 | D:13     | Reached skill level 11 in Spellcasting
 15431 | D:13     | Noticed a two-headed ogre
 15433 | D:13     | Noticed Urug
 15624 | D:13     | Noticed a deep elf mage
 15628 | D:13     | Killed a deep elf mage
 15628 | D:13     | Reached XP level 12. HP: 64/64 MP: 13/29
 15646 | D:13     | Reached ***** piety under Cheibriados
 15782 | D:13     | Killed a two-headed ogre
 15803 | D:14     | Noticed a tengu warrior
 16319 | D:13     | Learned a level 5 spell: Iskenderun's Battlesphere
 16621 | D:13     | Noticed a two-headed ogre
 16624 | D:13     | Killed a two-headed ogre
 16863 | D:13     | Noticed Sonja
 16864 | D:13     | Killed Sonja
 16864 | D:13     | Reached skill level 12 in Spellcasting
 17167 | D:13     | Reached skill level 5 in Invocations
 17207 | D:13     | Killed Urug
 17477 | D:14     | Got a coiled golden ring
 17500 | D:14     | Noticed a six-headed hydra
 17505 | D:14     | Killed a six-headed hydra
 17824 | D:14     | Reached XP level 13. HP: 72/72 MP: 15/31
 17905 | D:14     | Found a runed translucent gate.
 17906 | D:14     | Found a runed translucent gate.
 17906 | D:14     | Found a runed translucent gate.
 17908 | D:14     | Noticed Lanoc's ghost (journeyman MiGl)
 18125 | D:14     | Reached skill level 13 in Spellcasting
 18425 | D:13     | Learned a level 7 spell: Spellforged Servitor
 18438 | D:13     | Reached skill level 5 in Fighting
 18805 | D:14     | Reached ****** piety under Cheibriados
 18805 | D:14     | Reached skill level 1 in Summonings
 19647 | D:14     | Found a gate to the Vaults.
 19915 | D:14     | Identified the ring of Doubts {MR+ Int+5} (You found it on
                  | level 14 of the Dungeon)
 19924 | D:14     | Learned a level 7 spell: Orb of Destruction
 19929 | D:15     | Entered Level 15 of the Dungeon
 19980 | D:15     | Reached skill level 14 in Spellcasting
 20015 | D:15     | Killed from afar by an ogre mage

Skill      XL: |  1  2  3  4  5  6  7  8  9 10 11 12 13 |
---------------+----------------------------------------+-----
Fire Magic     | 4 5 6 7 9 10 11 | 11.1
Conjurations   | 2 3 4 5 6 8 9 10 11 12 | 12.4
Spellcasting   | 4 5 6 7 9 11 12 14 | 14.2
Charms         | 1 3 4 |  4.3
Air Magic      | 1 2 3 4 5 |  5.5
Armour         | 1 2 4 5 6 7 |  7.5
Shields        | 1 2 3 |  3.0
Translocations | 1 |  1.4
Fighting       | 1 3 4 5 |  5.8
Invocations    | 3 5 7 |  7.2
Summonings     | 3 |  3.5
Dodging        | |  2.4
Stealth        | |  2.4

Action                   |  1- 3 |  4- 6 |  7- 9 | 10-12 | 13-15 || total
-------------------------+-------+-------+-------+-------+-------++-------
Melee: Dagger            |     5 |    10 |    36 |    40 |    35 ||   126
 Fire: Blowgun           |       |       |       |       |     3 ||     3
Throw: Stone             |       |     3 |       |       |       ||     3
 Cast: Flame Tongue      |    67 |   149 |   217 |   391 |    60 ||   884
       Sticky Flame      |       |       |    19 |    23 |    11 ||    53
       Conjure Flame     |       |       |     7 |    13 |     3 ||    23
       Swiftness         |       |       |     5 |       |       ||     5
       Airstrike         |       |       |     3 |     4 |       ||     7
       Fireball          |       |       |       |    83 |    41 ||   124
       Blink             |       |       |       |     7 |     1 ||     8
       Iskenderun's Batt |       |       |       |     1 |    18 ||    19
  Use: Scroll            |       |     2 |     4 |    20 |     4 ||    30
       Potion            |       |       |     4 |       |     1 ||     5
 Stab: Sleeping          |       |       |       |     1 |       ||     1
       Invisible         |       |       |       |       |     3 ||     3
  Eat: Chunk             |     4 |     9 |    12 |    14 |     3 ||    42
       Ration            |       |       |     1 |     1 |       ||     2
Armor: Robe              |     4 |     6 |    25 |       |       ||    35
       Ring mail         |       |       |     6 |   129 |    37 ||   172
Dodge: Dodged            |    29 |    33 |    81 |   112 |    39 ||   294
Block: Shield            |       |     2 |     2 |       |       ||     4
       Other             |       |       |       |     8 |     6 ||    14
